 Dungeon Crawl Stone Soup version 0.30-a0-672-gc3a7216ad8 (console) character file.

Game seed: 2087533147176081066

60 petzl the Sneak (level 4, -3/37 HPs)
             Began as a Formicid Delver on Jan 18, 2023.
             Slain by a mummy (7 damage)
             ... on level 8 of the Dungeon.
             The game lasted 00:06:42 (677 turns).

petzl the Sneak (Formicid Delver)                    Turns: 677, Time: 00:06:42

Health: -3/37      AC:  3    Str: 17    XL:     4   Next: 24%
Magic:  4/4        EV: 12    Int: 11    God:
Gold:   46         SH:  0    Dex: 15    Spells: 3/3 levels left

rFire   . . .      SeeInvis +    a - +0 mace
rCold   . . .      Faith    .    (no shield)
rNeg    . . .      Spirit   .    b - +0 leather armour
rPois   .          Reflect  .    (helmet unavailable)
rElec   .          Harm     .    (no cloak)
rCorr   .          Rampage  .    (no gloves)
Will    .....                    (no boots)
Stlth   +++                      (no amulet)
HPRegen 0.26/turn                (no ring)
MPRegen 0.09/turn                (no ring)

@: no status effects
A: permanent stasis, dig shafts and tunnels, antennae 3, four strong arms
a: Dig, Shaft Self


You were on level 8 of the Dungeon.
You visited 1 branch of the dungeon, and saw 7 of its levels.
You also visited: Ossuary.

You collected 46 gold pieces.

Inventory:

Hand Weapons
 a - a +0 mace (weapon)
Armour
 b - a +0 leather armour (worn)
Magical Staves
 h - a staff of conjuration
Wands
 g - a wand of digging (3)
Scrolls
 c - a scroll of fog
 d - a scroll of magic mapping
 e - a scroll of fear
 i - a scroll of identify
 k - a scroll of immolation
 l - a scroll of blinking
Potions
 f - a potion of haste
 j - a potion of resistance {unknown}


   Skills:
 + Level 3.8 Fighting
 + Level 2.6 Maces & Flails
 + Level 2.4 Dodging
 + Level 6.5 Stealth


You had 3 spell levels left.
You didn't know any spells.
Your spell library was empty.

Dungeon Overview and Level Annotations

Branches:
Dungeon (9/15)            Ossuary (visited)
 Temple: D:4-7         Lair: D:8-11         Orc: D:9-12

Altars:

Annotations:
D:3 Jessica
D:5 exclusion: downstairs
D:7 Dowan, Duvessa
D:8 exclusion: downstairs, Gastronok


Innate Abilities, Weirdness & Mutations

You cannot be hasted, slowed, berserked, paralysed or teleported.
You can dig through walls and to a lower floor.
You have a pair of large antennae on your head. (SInv)
Your four strong arms can wield two-handed weapons with a shield.


Message History

The orc misses you.
Gastronok waves his eye-stalks in wide circles.
The air twists around and strikes you!!
Ouch! That really hurt!
* * * LOW HITPOINT WARNING * * *
You hear an angry buzzing noise.
You hear a shout! x4
There is a sand-covered staircase here.
The orc priest hits you with a +0 club.
* * * LOW HITPOINT WARNING * * *
The world spins around you as you enter the gateway.
You enter an ossuary!
Found a gate leading back out of this place.
There is an empty arch of ancient stone here.
You start resting.
You sense a monster nearby.
You start resting.
You sense a monster nearby.
You start resting.
A mummy comes into view.
A mummy comes into view.
There is a gate leading back out of this place here.
As you read the scroll labelled IMELOI RAOFA, it crumbles to dust.
It is a scroll of identify.
l - a scroll of blinking
As you read the scroll of identify, it crumbles to dust.
k - a scroll of immolation Level annotation: exclusion: downstairs, Gastronok The howler monkey hoots and howls with incredible vigour!
The howler monkey barely misses you. The orc hits you with a +0 mace.
* * * LOW HITPOINT WARNING * * *
The orc closely misses you.
Gastronok looks at you and mumbles some strange words.
Your stasis prevents you from being slowed.
The orc completely misses you.
You hear a shout!
You hear an angry buzzing noise.
There is a collapsed entrance, spattered with blood here.
Are you sure you want to shaft yourself?
The howler monkey hoots and howls with incredible vigour!
The mummy hits you!
You die...

.. #.# #. #.# #.
#5# #.##.# #
#....## ..
#.#.....####.#
#...hMo....#.#
#....@oh.# #.#
#...oo...#+#.# #.#
#............# #.#
#.####.......# #.#
.. ##......# #.#
#. #........# #.#
# #....#'#.# #.#
#.....w#.# #.#
#...##.#.#
#.######
........#.#
#.......
........#.#
#....... ......#.#
#....... ......#.#
#....... #.....#
#.......
#.....###.......
#...............
#...#.##........
#.....#.##)>......
###.#!#.####......


You could see Gastronok, a mummy, 2 howler monkeys, an orc priest, a white imp
and 3 orcs.

Vanquished Creatures
  A hound (D:4)
  A gnoll (D:8)
  2 adders
  An orc (D:6)
  An endoplasm (D:4)
  A kobold (D:4)
7 creatures vanquished.

Vanquished Creatures (others)
  3 withered plants (Ossuary)
3 creatures vanquished.

Grand Total: 10 creatures vanquished

Notes
Turn   | Place    | Note
-------+----------+-------------------------------------------
     0 | D:5      | Found the Hermit's Pendant {Faith Invo=14 Evo=0 MP+5}
     0 | D:5      | petzl the Formicid Delver began the quest for the Orb.
     0 | D:5      | Reached XP level 1. HP: 18/18 MP: 1/1
     1 | D:5      | Noticed a water moccasin
    14 | D:6      | Noticed a hound
    29 | D:5      | Reached XP level 2. HP: 19/24 MP: 2/2
   115 | D:4      | Reached XP level 3. HP: 17/30 MP: 3/3
   206 | D:4      | Reached XP level 4. HP: 35/37 MP: 4/4
   276 | D:3      | Noticed Jessica
   290 | D:3      | You fall into a shaft and drop 3 floors!
   360 | D:5      | You fall into a shaft and drop 2 floors!
   375 | D:7      | Noticed a gnoll sergeant
   378 | D:7      | Noticed Duvessa
   378 | D:7      | Noticed Dowan
   385 | D:7      | You fall into a shaft and drop 1 floor!
   654 | D:8      | Found a sand-covered staircase.
   658 | D:8      | Noticed Gastronok
   664 | Ossuary  | Entered an ossuary
   677 | D:8      | Slain by a mummy

Illustrated notes

Levels and vault maps discovered:
D:3:      minmay_recursive_quarters, layout_loops_ring, marbit_many_paths,
          mainiacjoe_overflow_brackets,
          chequers_temple_overflow_statue_of_worship, serial_shops,
          nicolae_shop_statue_plus, grunt_ministairs_13, uniq_jessica
D:4:      layout_rooms
D:5:      layout_loops_ring, nicolae_gozag_seed_capital,
          kennysheep_windowed_goal, uniq_ijyb
D:6:      layout_rooms, hellmonk_ghost_happy_afterlife
D:7:      layout_loops_cross, minmay_temple_entry_sparse_star,
          nicolae_elevator_lobby_plus, uniq_duvessa
D:8:      layout_basic, elyvilon_altar_4, lemuel_mausoleum_altar_kikubaaqudgha,
          enter_ossuary_1, uniq_gastronok
D:9:      layout_basic, lemuel_crystal_altar, minmay_lair_entry_grove,
          amcnicky_mini_rare_corridor_liquid, uniq_joseph

Skill      XL: |  1 |
---------------+----+-----
Dodging        | 2 |  2.4
Fighting       | |  3.8
Maces & Flails | |  2.6
Stealth        | |  6.5

Action                   |  1- 3 |  4- 6 || total
-------------------------+-------+-------++-------
Melee: Mace              |    21 |    13 ||    34
       Punch             |     1 |       ||     1
 Abil: Shaft Self        |       |     4 ||     4
  Use: Scroll            |       |     2 ||     2
 Stab: Sleeping          |     2 |       ||     2
       Distracted        |       |     1 ||     1
Armor: Leather armour    |     6 |     1 ||     7
Dodge: Dodged            |    12 |    18 ||    30

Table legend: (Time is in decaauts)
 A = Elapsed time spent in this place.
 B = Non-inter-level travel time spent in this place.
 C = Inter-level travel time spent in this place.
 D = Time resting spent in this place.
 E = Time spent auto-exploring this place.
 F = Levels seen in this place.
 G = Mean time per level.
                   A        B        C        D        E       F      G
               +--------+--------+--------+--------+--------+-----+--------+
         Total |    685 |    685 |      0 |    285 |      3 |   8 |   85.6 |
       Dungeon |    674 |    674 |      0 |    281 |      3 |   7 |   96.3 |
       Ossuary |     11 |     11 |      0 |      4 |      0 |   1 |   11.0 |
               +--------+--------+--------+--------+--------+-----+--------+

Top non-repeatable levels by time:
     D:8: 278 daAuts
     D:4: 168 daAuts
     D:5: 100 daAuts
     D:6: 68 daAuts
     D:3: 29 daAuts
     D:7: 24 daAuts
 Ossuary: 11 daAuts
     D:9: 3 daAuts
